MLB
LOS ANGELES ANGELS @ TORONTO BLUE JAYS
06/28/2020
 
TOP OF THE 1ST
Los Angeles Angels batting - Pitching for Toronto Blue Jays : LHP Anthony Kay
Pitching: LHP Anthony Kay
Batting: RHB Andrelton Simmons 0-0: Reached on error, E6 (Groundball, 6S, EV 65.0 MPH)
Batting: RHB Anthony Rendon 0-0: Called Strike
0-1: Ball
1-1: Ball
2-1: DOUBLE (Groundball, 5L, EV 96.9 MPH)
Andrelton Simmons to third
Batting: RHB Justin Upton 0-0: Called Strike
0-1: Ball
1-1: Ball
Wild Pitch!
Andrelton Simmons scores
Anthony Rendon to third
2-1: Swinging Strike
2-2: Strikes out swinging
Batting: RHB Jo Adell 0-0: Called Strike
0-1: Foul Ball, location: 2F
0-2: Ball
1-2: Strikes out swinging
Batting: SHB Luis Rengifo 0-0: Called Strike
0-1: Called Strike
0-2: Strikes out swinging
Top of the 1st over - 1 run, 1 hit, 1 error, 1 left on base; Los Angeles 1 - Toronto 0
BOTTOM OF THE 1ST
Toronto Blue Jays batting - Pitching for Los Angeles Angels : LHP Patrick Sandoval
Pitching: LHP Patrick Sandoval
Batting: LHB Cavan Biggio 0-0: SINGLE (Groundball, 56S, EV 65.0 MPH) (infield hit)
Batting: RHB Lourdes Gurriel Jr. 0-0: Ball
1-0: Called Strike
1-1: Foul Ball, location: 2F
1-2: Ball
2-2: Fly out, F9 (Line Drive, 89M, EV 93.1 MPH)
Batting: RHB Vladimir Guerrero Jr. 0-0: Called Strike
0-1: Ball
1-1: Foul Ball, location: 2F
1-2: Foul Ball, location: 2F
1-2: Ball
2-2: Ball
3-2: Ground out 6-3 (Groundball, 6, EV 83.1 MPH)
Cavan Biggio to second
Batting: RHB Bo Bichette 0-0: Called Strike
0-1: Swinging Strike
0-2: Foul Ball, location: 2F
0-2: Foul Ball, location: 2F
0-2: Ball
1-2: Foul Ball, location: 2F
1-2: Ball
2-2: Ball
3-2: Foul Ball, location: 2F
3-2: Ground out 4-3 (Groundball, 4M, EV 91.3 MPH)
Bottom of the 1st over - 0 runs, 1 hit, 0 errors, 1 left on base; Los Angeles 1 - Toronto 0
TOP OF THE 2ND
Los Angeles Angels batting - Pitching for Toronto Blue Jays : LHP Anthony Kay
Batting: RHB David Fletcher 0-0: Ground out 5-3 (Groundball, 5, EV 80.6 MPH)
Batting: LHB Brian Goodwin 0-0: Swinging Strike
0-1: Foul Ball, location: 2F
0-2: Ball
1-2: Foul Ball, location: 2F
1-2: Fly out, F8 (Flyball, 8RXD, EV 93.1 MPH)
Batting: RHB Albert Pujols 0-0: Fly out, F8 (Flyball, 8RS, EV 90.6 MPH)
Top of the 2nd over - 0 runs, 0 hits, 0 errors, 0 left on base; Los Angeles 1 - Toronto 0
BOTTOM OF THE 2ND
Toronto Blue Jays batting - Pitching for Los Angeles Angels : LHP Patrick Sandoval
Batting: RHB Randal Grichuk 0-0: Swinging Strike
0-1: Ball
1-1: Swinging Strike
1-2: Strikes out looking
Batting: RHB Danny Jansen 0-0: Ball
1-0: Swinging Strike
1-1: DOUBLE (Line Drive, 89D, EV 105.0 MPH)
Batting: RHB Teoscar Hernandez 0-0: Called Strike
0-1: Ball
1-1: Foul Ball, location: 2F
1-2: Foul Ball, location: 2F
1-2: Strikes out swinging, 2-3 out at first.
Batting: LHB Travis Shaw 0-0: Called Strike
0-1: Ball
1-1: Fly out, F7 (Flyball, 78M, EV 91.3 MPH)
Bottom of the 2nd over - 0 runs, 1 hit, 0 errors, 1 left on base; Los Angeles 1 - Toronto 0
TOP OF THE 3RD
Los Angeles Angels batting - Pitching for Toronto Blue Jays : LHP Anthony Kay
Batting: RHB Max Stassi 0-0: Foul Ball, location: 2F
0-1: Ball
1-1: Fly out, F9 (Flyball, 9, EV 93.1 MPH)
Batting: RHB Andrelton Simmons 0-0: Foul Ball, location: 2F
0-1: Ball
1-1: Fly out, F5 (Popup, 5L, EV 75.0 MPH)
Batting: RHB Anthony Rendon 0-0: Ball
1-0: Called Strike
1-1: Ball
2-1: Ball
3-1: Base on Balls
Batting: RHB Justin Upton 0-0: Called Strike
0-1: Called Strike
0-2: Ball
1-2: Foul Ball, location: 2F
1-2: Ball
2-2: Foul Ball, location: 2F
2-2: Ground out 5-3 (Groundball, 56S, EV 86.9 MPH)
Top of the 3rd over - 0 runs, 0 hits, 0 errors, 1 left on base; Los Angeles 1 - Toronto 0
BOTTOM OF THE 3RD
Toronto Blue Jays batting - Pitching for Los Angeles Angels : LHP Patrick Sandoval
Batting: RHB Anthony Alford 0-0: Ball
1-0: Ball
2-0: Foul Ball, location: 2F
2-1: SINGLE (Groundball, 34D, EV 96.9 MPH)
Batting: LHB Cavan Biggio 0-0: Swinging Strike
0-1: Ball
1-1: Called Strike
1-2: Foul Ball, location: 2F
1-2: Ball
2-2: Strikes out looking
Batting: RHB Lourdes Gurriel Jr. 0-0: Ball
1-0: Ball
2-0: Called Strike
2-1: Fly out, F8 (Flyball, 78S, EV 86.9 MPH)
Batting: RHB Vladimir Guerrero Jr. 0-0: Foul Ball, location: 2F
0-1: Fly out, F7 (Flyball, 7S, EV 92.5 MPH)
Bottom of the 3rd over - 0 runs, 1 hit, 0 errors, 1 left on base; Los Angeles 1 - Toronto 0
TOP OF THE 4TH
Los Angeles Angels batting - Pitching for Toronto Blue Jays : LHP Anthony Kay
Batting: RHB Jo Adell 0-0: Ball
1-0: Ball
2-0: Ball
3-0: Called Strike
3-1: Foul Ball, location: 2F
3-2: Strikes out looking
Batting: SHB Luis Rengifo 0-0: Fly out, F3 (Popup, 3SF, EV 76.3 MPH)
Batting: RHB David Fletcher 0-0: Ball
1-0: Foul Ball, location: 2F
1-1: Ball
2-1: Foul Ball, location: 2F
2-2: Fly out, F9 (Line Drive, 9, EV 106.9 MPH)
Top of the 4th over - 0 runs, 0 hits, 0 errors, 0 left on base; Los Angeles 1 - Toronto 0
BOTTOM OF THE 4TH
Toronto Blue Jays batting - Pitching for Los Angeles Angels : LHP Patrick Sandoval
Batting: RHB Bo Bichette 0-0: SOLO HOME RUN (Flyball, 89XD, EV 98.8 MPH), Distance : 440 ft
Batting: RHB Randal Grichuk 0-0: Ball
1-0: Ground out 3-1 (Groundball, 34, EV 90.0 MPH)
Batting: RHB Danny Jansen 0-0: SINGLE (Groundball, 34S, EV 96.3 MPH)
Batting: RHB Teoscar Hernandez 0-0: Ball
1-0: Ball
2-0: Swinging Strike
2-1: Swinging Strike
2-2: Strikes out looking
Batting: LHB Travis Shaw 0-0: Ball
1-0: Called Strike
1-1: Ball
2-1: Ball
3-1: Foul Ball, location: 2F
3-2: Ground out 4-3 (Groundball, 34, EV 93.1 MPH)
Bottom of the 4th over - 1 run, 2 hits, 0 errors, 1 left on base; Los Angeles 1 - Toronto 1
TOP OF THE 5TH
Los Angeles Angels batting - Pitching for Toronto Blue Jays : LHP Anthony Kay
Batting: LHB Brian Goodwin 0-0: Ball
1-0: Ball
2-0: Called Strike
2-1: Bunt for hit to 15S - play at first, batter OUT! 1-3
Batting: RHB Albert Pujols 0-0: Ball
1-0: Reached on error, E5 (Groundball, 5, EV 111.3 MPH)
Batting: RHB Max Stassi 0-0: Ball
1-0: Ball
2-0: Ball
3-0: Foul Ball, location: 2F
3-1: Foul Ball, location: 2F
3-2: Fly out, F8 (Flyball, 78D, EV 83.1 MPH)
Batting: RHB Andrelton Simmons 0-0: Called Strike
0-1: Ball
1-1: SINGLE (Groundball, 5S, EV 73.8 MPH) (infield hit)
Albert Pujols to second
Batting: RHB Anthony Rendon 0-0: Ball
1-0: Fly out, F7 (Line Drive, 7, EV 85.6 MPH)
Top of the 5th over - 0 runs, 1 hit, 1 error, 2 left on base; Los Angeles 1 - Toronto 1
BOTTOM OF THE 5TH
Toronto Blue Jays batting - Pitching for Los Angeles Angels : LHP Patrick Sandoval
Batting: RHB Anthony Alford 0-0: SINGLE (Groundball, 6MD, EV 102.5 MPH)
Batting: LHB Cavan Biggio 0-0: Foul Ball, location: 2F
0-1: Called Strike
0-2: Ball
1-2: Foul Ball, location: 2F
1-2: Ball
2-2: Foul Ball, location: 2F
2-2: Ball
3-2: Base on Balls
Anthony Alford to second
Batting: RHB Lourdes Gurriel Jr. 0-0: Called Strike
0-1: Ball
1-1: Fly out, F9 (Flyball, 89XD, EV 103.1 MPH)
Runner from 2nd tags up, SAFE at 3rd, no throw by RF
Batting: RHB Vladimir Guerrero Jr. 0-0: Ball
1-0: Foul Ball, location: 2F
1-1: SINGLE (Flyball, 8LS, EV 98.8 MPH)
Anthony Alford scores
Cavan Biggio to second
Batting: RHB Bo Bichette 0-0: Foul Ball, location: 2F
0-1: Called Strike
0-2: Ball
1-2: Ball
2-2: Ball
3-2: Foul Ball, location: 2F
3-2: Base on Balls
Cavan Biggio to third
Vladimir Guerrero Jr. to second
Batting: RHB Randal Grichuk 0-0: Called Strike
0-1: Ball
1-1: Called Strike
1-2: Foul Ball, location: 2F
1-2: Foul Ball, location: 2F
1-2: Strikes out swinging
Pitching: RHP Dylan Bundy
Batting: RHB Danny Jansen 0-0: Ball
1-0: Ball
2-0: Ball
3-0: Base on Balls
Cavan Biggio scores
Vladimir Guerrero Jr. to third
Bo Bichette to second
Batting: RHB Teoscar Hernandez 0-0: Swinging Strike
0-1: Swinging Strike
0-2: Ball
1-2: Foul Ball, location: 2F
1-2: Strikes out swinging
Bottom of the 5th over - 2 runs, 2 hits, 0 errors, 3 left on base; Los Angeles 1 - Toronto 3
TOP OF THE 6TH
Los Angeles Angels batting - Pitching for Toronto Blue Jays : LHP Anthony Kay
Batting: RHB Justin Upton 0-0: Called Strike
0-1: Ball
1-1: Ball
2-1: Ball
3-1: Base on Balls
Batting: RHB Jo Adell 0-0: Called Strike
0-1: Called Strike
0-2: Ball
Wild Pitch!
Justin Upton to second
1-2: Strikes out looking
Batting: SHB Luis Rengifo 0-0: Swinging Strike
0-1: TRIPLE (Flyball, 78XD, EV 92.5 MPH)
Justin Upton scores
Batting: RHB David Fletcher 0-0: Foul Ball, location: 2F
0-1: Swinging Strike
0-2: DOUBLE (Line Drive, 89D, EV 110.0 MPH)
Luis Rengifo scores
Batting: LHB Brian Goodwin 0-0: Ball
1-0: Called Strike
1-1: Called Strike
1-2: Ball
2-2: Fly out, F4 (Popup, 4MD, EV 48.1 MPH)
Pitching: LHP Dan Jennings
Batting: RHB Albert Pujols 0-0: Ball
1-0: Called Strike
1-1: Swinging Strike
1-2: Ball
2-2: Foul Ball, location: 2F
2-2: Fly out, F9 (Flyball, 9S, EV 87.5 MPH)
Top of the 6th over - 2 runs, 2 hits, 0 errors, 1 left on base; Los Angeles 3 - Toronto 3
BOTTOM OF THE 6TH
Toronto Blue Jays batting - Pitching for Los Angeles Angels : RHP Dylan Bundy
Batting: LHB Travis Shaw 0-0: Ball
1-0: Foul Ball, location: 2F
1-1: Ball
2-1: Swinging Strike
2-2: Strikes out swinging
Batting: RHB Anthony Alford 0-0: Ball
1-0: Ground out 6-3 (Groundball, 6, EV 81.3 MPH)
Batting: LHB Cavan Biggio 0-0: Fly out, F9 (Flyball, 9S, EV 86.3 MPH)
Bottom of the 6th over - 0 runs, 0 hits, 0 errors, 0 left on base; Los Angeles 3 - Toronto 3
TOP OF THE 7TH
Los Angeles Angels batting - Pitching for Toronto Blue Jays : LHP Dan Jennings
Batting: RHB Max Stassi 0-0: Ball
1-0: Swinging Strike
1-1: Swinging Strike
1-2: Fly out, F8 (Flyball, 8LXD, EV 106.9 MPH)
Batting: RHB Andrelton Simmons 0-0: Foul Ball, location: 2F
0-1: Ground out 6-3 (Groundball, 56, EV 78.1 MPH)
Batting: RHB Anthony Rendon 0-0: Fly out, F7 (Flyball, 7, EV 90.0 MPH)
Top of the 7th over - 0 runs, 0 hits, 0 errors, 0 left on base; Los Angeles 3 - Toronto 3
BOTTOM OF THE 7TH
Toronto Blue Jays batting - Pitching for Los Angeles Angels : RHP Dylan Bundy
Batting: RHB Lourdes Gurriel Jr. 0-0: Called Strike
0-1: Ball
1-1: Ball
2-1: Swinging Strike
2-2: Foul Ball, location: 2F
2-2: Foul Ball, location: 2F
2-2: Ball
3-2: Strikes out looking
Pitching: RHP Kyle Keller
Batting: RHB Vladimir Guerrero Jr. 0-0: Called Strike
0-1: Foul Ball, location: 2F
0-2: Ball
1-2: Ball
2-2: SINGLE (Line Drive, 7S, EV 101.3 MPH)
Batting: RHB Bo Bichette 0-0: Ball
1-0: Swinging Strike
1-1: Ball
2-1: Called Strike
2-2: Grounds into double play, 5-4-3 (Groundball, 5L, EV 101.9 MPH)
Bottom of the 7th over - 0 runs, 1 hit, 0 errors, 0 left on base; Los Angeles 3 - Toronto 3
TOP OF THE 8TH
Los Angeles Angels batting - Pitching for Toronto Blue Jays : LHP Dan Jennings
Batting: RHB Justin Upton 0-0: Ball
1-0: Swinging Strike
1-1: Ball
2-1: Called Strike
2-2: Strikes out swinging
Batting: RHB Jo Adell 0-0: Ball
1-0: Called Strike
1-1: Ball
2-1: SINGLE (Groundball, 5D, EV 108.1 MPH)
Pitching: RHP Rafael Dolis
Batting: SHB Luis Rengifo 0-0: Foul Ball, location: 2F
0-1: Ball
1-1: Ball
2-1: Fly out, F9 (Line Drive, 9, EV 92.5 MPH)
Batting: RHB David Fletcher 0-0: Ball
1-0: Called Strike
1-1: Foul Ball, location: 2F
1-2: Fielders Choice at 2nd, 6-4 (Groundball, 6, EV 104.4 MPH)
Top of the 8th over - 0 runs, 1 hit, 0 errors, 1 left on base; Los Angeles 3 - Toronto 3
BOTTOM OF THE 8TH
Toronto Blue Jays batting - Pitching for Los Angeles Angels : RHP Kyle Keller
Batting: RHB Randal Grichuk 0-0: Ball
1-0: Ball
2-0: Ball
3-0: Called Strike
3-1: Foul Ball, location: 2F
3-2: Foul Ball, location: 2F
3-2: Foul Ball, location: 2F
3-2: Base on Balls
Batting: RHB Danny Jansen 0-0: Sac Bunt to 15S - play at first, batter OUT! 1-4
Randal Grichuk to second
Batting: RHB Teoscar Hernandez 0-0: Ball
1-0: Ball
2-0: Ball
3-0: Base on Balls
Pitching: RHP Ty Buttrey
Batting: LHB Travis Shaw 0-0: Foul Ball, location: 2F
0-1: DOUBLE (Flyball, 78XD, EV 100.0 MPH)
Randal Grichuk scores
Teoscar Hernandez to third
Runner from 3rd tries for Home, SAFE, throw by CF to trailing runner, OUT at third! 8-6-5
Batting: RHB Anthony Alford 0-0: Called Strike
0-1: Fly out, F7 (Line Drive, 7, EV 91.3 MPH)
Bottom of the 8th over - 2 runs, 1 hit, 0 errors, 0 left on base; Los Angeles 3 - Toronto 5
TOP OF THE 9TH
Los Angeles Angels batting - Pitching for Toronto Blue Jays : RHP Rafael Dolis
Pitching: RHP Ken Giles
Batting: LHB Brian Goodwin 0-0: Ball
1-0: Called Strike
1-1: Foul Ball, location: 2F
1-2: Foul Ball, location: 2F
1-2: Strikes out swinging
Batting: RHB Albert Pujols 0-0: Fly out, F8 (Flyball, 8LS, EV 93.8 MPH)
Batting: RHB Max Stassi 0-0: Ball
1-0: DOUBLE (Flyball, 8RXD, EV 89.4 MPH)
Pinch Hitting: LHB Shohei Ohtani 0-0: Called Strike
0-1: Ball
1-1: Ball
2-1: Ball
3-1: Base on Balls
Batting: RHB Anthony Rendon 0-0: Called Strike
0-1: Ball
1-1: Foul Ball, location: 2F
1-2: Strikes out swinging
Top of the 9th over - 0 runs, 1 hit, 0 errors, 2 left on base; Los Angeles 3 - Toronto 5
Saturday, July 4th, 2020 - OOTP Baseball 21.4 Build 63